 Dungeon Crawl Stone Soup version 0.18.1-6-gd335043 (webtiles) character file.

4749 GordonOverkill the Arsonist (level 10, -1/69 HPs)
             Began as a Mottled Draconian Fire Elementalist on May 16, 2016.
             Was a Priest of Vehumet.
             Killed by nerve-wracking pain
             ... invoked by an orc priest
              (14 damage)
             ... on level 7 of the Dungeon.
             The game lasted 00:57:08 (13416 turns).

GordonOverkill the Arsonist (DrFE)                 Turns: 13416, Time: 00:57:09

Health: -1/69      AC:  8    Str: 11    XL:     10   Next: 23%
Magic:  14/29      EV: 12    Int: 18    God:    Vehumet [***...]
Gold:   531        SH:  0    Dex: 16    Spells: 6 memorised, 4 levels left

rFire  . . .     SeeInvis .     G - +0 blowgun
rCold  . . .     Gourm    .     (armour unavailable)
rNeg   . . .     Faith    .     (no shield)
rPois  .         Spirit   .     (helmet restricted)
rElec  .         Dismiss  .     w - +0 cloak
rCorr  .         Reflect  .     (no gloves)
SustAt .         Harm     .     (no boots)
MR     .....                    (no amulet)
Stlth  ++........               u - ring of magical power
                                A - +4 ring of dexterity

@: slowed, very slow, not resistant to hostile enchantments, unstealthy
A: breathe sticky flame splash, unfitting armour, cold-blooded, AC +7
a: Breathe Sticky Flame, Renounce Religion


You were on level 7 of the Dungeon.
You worshipped Vehumet.
Vehumet was most pleased with you.
You were not hungry.

You visited 2 branches of the dungeon, and saw 10 of its levels.

You collected 531 gold pieces.

Inventory:

Hand Weapons
 a - a +1 dagger of venom
 b - a +2 short sword of protection
 G - a +0 blowgun (weapon)
Missiles
 v - a throwing net
 H - 22 poisoned needles (quivered)
Armour
 w - a +0 cloak (worn)
 C - a +0 buckler
Jewellery
 d - an uncursed ring of protection from cold
 u - a ring of magical power (right hand)
 y - a +3 ring of strength
 A - a +4 ring of dexterity (left hand)
Wands
 f - a wand of flame (48/48)
 l - a wand of random effects (24/48)
 E - a wand of iceblast (5/15)
 F - a wand of iceblast (4/15)
 I - a wand of slowing (15/48)
Scrolls
 p - 2 scrolls of enchant weapon
 q - a scroll of magic mapping
 B - a scroll of teleportation
Potions
 e - a potion of cure mutation
 g - 2 potions of mutation
 h - 2 potions of flight
 i - 2 potions of heal wounds
 m - 2 potions of ambrosia
 n - 2 potions of haste
 r - 3 potions of brilliance
 x - a potion of lignification {unknown}
 z - a potion of invisibility
Books
 c - a book of Flames

   Spells                             Type                      Level
   a - Flame Tongue                   Conjuration/Fire             1
   b - Throw Flame                    Conjuration/Fire             2
   c - Conjure Flame                  Conjuration/Fire             3
   d - Inner Flame                    Hexes/Fire                   3
   e - Sticky Flame                   Conjuration/Fire             4
   f - Fireball                       Conjuration/Fire             5
 s - a book of the Tempests

   Spells                             Type                      Level
   a - Static Discharge               Conjuration/Air              3
   b - Lightning Bolt                 Conjuration/Air              5
   c - Fireball                       Conjuration/Fire             5
   d - Tornado                        Air                          9
   e - Shatter                        Earth                        9
Comestibles
 j - 6 bread rations
 k - 3 meat rations
 o - a royal jelly
 D - 5 beef jerkies


   Skills:
 - Level 1.7 Dodging
 - Level 1.7 Stealth
 - Level 7.0 Spellcasting
 - Level 9.2 Conjurations
 - Level 10.0 Fire Magic
 + Level 3.6 Air Magic


You had 4 spell levels left.
You knew the following spells:

 Your Spells              Type           Power        Failure   Level  Hunger
a - Flame Tongue          Conj/Fire      #####        1%          1    None
b - Conjure Flame         Conj/Fire      #####...     1%          3    ##.....
c - Sticky Flame          Conj/Fire      #####...     1%          4    ####...
d - Magic Dart            Conj           ####         1%          1    None
e - Fireball              Conj/Fire      #####.....   2%          5    #####..
f - Lightning Bolt        Conj/Air       ####......   7%          5    #####..


Dungeon Overview and Level Annotations

Branches:
Dungeon (9/15)             Temple (1/1) D:5
   Lair: D:8-11         Orc: D:9-12

Altars:
Ashenzari
Cheibriados
Dithmenos
Elyvilon
Fedhas
Gozag
Kikubaaqudgha
Makhleb
Nemelex Xobeh
Okawaru
Pakellas
Qazlal
Ru
Sif Muna
Trog
Vehumet
Xom
Yredelemnul
Zin
The Shining One

Shops:
D:5 :

Annotations:
D:8 Gastronok


Innate Abilities, Weirdness & Mutations

You can spit globs of burning liquid.
You can ignite nearby creatures when you spit burning liquid.
Your weird mottled scales are hard (AC +7).
Your body does not fit into most forms of armour.
You are cold-blooded and may be slowed by cold attacks.


Message History

The orc warrior burns!
The orc warrior hits you with a glaive!!
The orc warrior burns! x2
The orc priest calls upon Beogh to heal the orc warrior.
The orc warrior is healed somewhat.
The orc warrior hits you with a glaive!
Things that are here:
a mace of crushing; a chain mail The orc warrior burns!
The orc warrior stops burning.
The orc warrior barely misses you.
The orc warrior hits you from afar with a glaive!
* * * LOW HITPOINT WARNING * * *
Casting: Sticky Flame
Confirm with . or Enter, or press ? or * to list all spells.
Aiming: Fireball
Press: ? - help, Shift-Dir - straight line, p - orc warrior The fireball explodes!
The fireball engulfs the orc priest.
The orc priest is severely wounded.
The orc priest invokes the aid of Beogh against you.
Pain shoots through your body!
You die...

)...............[[.........#.#
.......................#####.##
#.....................###.....#
##......#.#.#(#.#.....###.....#
...............>....#..##.....#
...#....#.#.#.#.#..###)#####.##
..................## #..# #.#
...###..#.#.#.#(### ##[# #.#
.### ##.......o.@######)## #.#
.# ###.#.#.#.##.......###.#
.#######......o..#...........#
#
.##.....#.#.#.#.##...........#
#
.##........#######...........#
# .##......o.# #####.......# #
.##.....o..# #.......# #
.##........# #.......# ##
###........# #.......# #.


You could see an orc warrior and an orc priest.

Vanquished Creatures
  Pikel (D:6)
  A yak (D:7)
  A hippogriff (D:9)
  A hungry ghost (D:6)
  A sky beast (D:8)
  3 slaves (D:6)
  2 centaurs (D:6)
  10 ogres
  A big kobold (D:9)
  10 giant frogs
  4 scorpions
  A killer bee (D:7)
  A water moccasin skeleton (D:5)
  3 wights (D:8)
  A howler monkey (D:7)
  4 crimson imps
  A giant frog skeleton (D:7)
  6 orc priests
  7 hounds
  Crazy Yiuf (D:3)
  3 jellies
  An iguana (D:6)
  13 orc wizards
  7 worker ants
  2 howler monkey zombies
  A worker ant zombie (D:5)
  Robin (D:4)
  6 gnolls
  13 adders
  A howler monkey skeleton (D:7)
  2 shadow imps
  An adder zombie (D:6)
  A dart slug (D:3)
  4 giant geckos
  31 orcs
  8 bats
  6 giant cockroaches
  21 goblins
  10 hobgoblins
  13 jackals
  4 quokkas
  2 ball pythons
  9 giant newts
  15 kobolds
  14 rats
249 creatures vanquished.

Vanquished Creatures (collateral kills)
  A worker ant (D:8)
1 creature vanquished.

Vanquished Creatures (others)
  An orc (D:6)
  A quokka (D:6)
2 creatures vanquished.

Grand Total: 252 creatures vanquished

Notes
Turn   | Place    | Note
--------------------------------------------------------------
     0 | D:1      | GordonOverkill the Draconian Fire Elementalist began the quest for the Orb.
     0 | D:1      | Reached XP level 1. HP: 14/14 MP: 3/3
   354 | D:1      | Reached XP level 2. HP: 18/20 MP: 3/5
  1364 | D:2      | Reached XP level 3. HP: 24/26 MP: 2/6
  1406 | D:2      | Learned a level 3 spell: Conjure Flame
  2710 | D:3      | Reached XP level 4. HP: 33/33 MP: 5/7
  2748 | D:3      | Noticed Crazy Yiuf
  2772 | D:3      | You fall through a shaft for 2 floors!
  2772 | D:5      | Entered Level 5 of the Dungeon
  2993 | D:6      | Noticed an ogre
  3006 | D:6      | Killed an ogre
  3006 | D:6      | Reached skill level 5 in Conjurations
  3006 | D:6      | Reached XP level 5. HP: 32/38 MP: 3/8
  3012 | D:6      | Learned a level 4 spell: Sticky Flame
  3444 | D:5      | Noticed a centaur
  3606 | D:6      | Killed a centaur
  3606 | D:6      | Reached skill level 4 in Fire Magic
  3606 | D:6      | Reached XP level 6. HP: 38/45 MP: 1/9
  3901 | D:5      | Reached skill level 5 in Fire Magic
  4920 | D:4      | Noticed Robin
  4931 | D:4      | Killed Robin
  5284 | D:4      | Your scales start taking on a weird mottled colour.
  5284 | D:4      | Reached skill level 6 in Fire Magic
  5284 | D:4      | Reached XP level 7. HP: 19/50 MP: 1/10
  5578 | D:3      | Found a burning altar of Makhleb.
  5818 | D:3      | Killed Crazy Yiuf
  5818 | D:3      | Reached skill level 7 in Fire Magic
  6433 | D:5      | Found a staircase to the Ecumenical Temple.
  6440 | Temple   | Entered the Ecumenical Temple
  6525 | Temple   | Became a worshipper of Vehumet
  6740 | D:5      | Found Waiwk's Book Shop.
  7715 | D:6      | Reached XP level 8. HP: 40/57 MP: 1/11
  7855 | D:6      | Reached * piety under Vehumet
  7855 | D:6      | Offered knowledge of Magic Dart by Vehumet.
  7858 | D:6      | Learned a level 1 spell: Magic Dart
  8146 | D:6      | Noticed Pikel
  8177 | D:6      | Killed Pikel
  8801 | D:7      | Reached XP level 9. HP: 57/62 MP: 16/16
  8891 | D:7      | Reached skill level 5 in Spellcasting
  9547 | D:7      | Learned a level 5 spell: Fireball
 10345 | D:7      | Reached ** piety under Vehumet
 10545 | D:8      | Offered knowledge of Sandblast by Vehumet.
 10554 | D:8      | Reached skill level 8 in Fire Magic
 10972 | D:8      | Noticed Gastronok
 10975 | D:8      | Reached skill level 9 in Fire Magic
 11272 | D:8      | HP: 1/62 [Gastronok/the air (18)]
 11753 | D:8      | Reached XP level 10. HP: 62/69 MP: 20/20
 11833 | D:8      | Reached skill level 10 in Fire Magic
 11893 | D:8      | Found a snail-covered altar of Cheibriados.
 11893 | D:8      | Found an opulent altar of Gozag.
 11961 | D:8      | Offered knowledge of Ignite Poison by Vehumet.
 11968 | D:8      | Learned a level 5 spell: Lightning Bolt
 12481 | D:7      | Reached skill level 1 in Air Magic
 13067 | D:9      | Reached *** piety under Vehumet
 13416 | D:7      | Killed from afar by an orc priest

Skill      XL: |  1  2  3  4  5  6  7  8  9 10 |
---------------+-------------------------------+-----
Conjurations   | 2 3 5 7 9 |  9.2
Fire Magic     | 4 6 7 9 10 | 10.0
Spellcasting   | 4 7 |  7.0
Air Magic      | 3 |  3.6
Dodging        | |  1.7
Stealth        | |  1.7

Action                   |  1- 3 |  4- 6 |  7- 9 | 10-12 || total
-------------------------+-------+-------+-------+-------++-------
Melee: Dagger            |    17 |    34 |   100 |       ||   151
       Tailslap          |     2 |     3 |    19 |     8 ||    32
       Short sword       |       |       |    55 |    62 ||   117
       Falchion          |       |       |    24 |       ||    24
 Fire: Blowgun           |       |       |       |     7 ||     7
 Cast: Flame Tongue      |    87 |    69 |    93 |     7 ||   256
       Conjure Flame     |       |     2 |     2 |       ||     4
       Sticky Flame      |       |     9 |    83 |    23 ||   115
       Magic Dart        |       |       |    18 |       ||    18
       Fireball          |       |       |     1 |    15 ||    16
Evoke: Wand              |       |     5 |       |       ||     5
  Use: Scroll            |       |    10 |    11 |     3 ||    24
       Potion            |       |     1 |       |     1 ||     2
 Stab: Sleeping          |       |       |     2 |       ||     2
  Eat: Chunk             |     7 |    11 |    34 |     5 ||    57
       Pizza             |       |     1 |     1 |     1 ||     3
       Beef jerky        |       |       |     1 |     1 ||     2
       Meat ration       |       |       |       |     1 ||     1
Armor: Skin              |    14 |    22 |    92 |    61 ||   189
Dodge: Dodged            |    28 |    49 |   168 |   113 ||   358
